 Dungeon Crawl Stone Soup version 0.30.0-29-ga12c61a403 (webtiles) character file.

Game seed: 18007694316735385485

541 safid the Chiller (level 7, -2/55 HPs)
             Began as a Merfolk Ice Elementalist on June 9, 2023.
             Slain by a quasit (3 damage)
             ... summoned by Eustachio
             ... on level 4 of the Dungeon.
             The game lasted 00:04:17 (4115 turns).

safid the Chiller (Merfolk Ice Elementalist)        Turns: 4115, Time: 00:04:18

Health: -2/55      AC:  2    Str:  9      XL:     7   Next: 26%
Magic:  9/13       EV: 12    Int: 16      God:
Gold:   150        SH:  0    Dex:  7 (14) Spells: 7/14 levels left

rFire   + . .        u - +3 dagger
rCold   . . .        (no shield)
rNeg    . . .        a - +0 robe
rPois   .            (no helmet)
rElec   .            (no cloak)
rCorr   .            (no gloves)
SInv    .            (no boots)
Will    .....        (no amulet)
Stlth   ++           q - ring of flight
HPRegen 0.29/turn    r - ring of protection from fire
MPRegen 0.13/turn

%: no passive effects
@: flying
A: (nimble swimmer 2), mertail
a: no special abilities


You were on level 4 of the Dungeon.
You visited 1 branch of the dungeon, and saw 4 of its levels.

You collected 150 gold pieces.

Inventory:

Hand Weapons
 u - a +3 dagger (weapon)
Armour
 a - a +0 robe (worn)
Jewellery
 q - a ring of flight (left hand)
 r - a ring of protection from fire (right hand)
Wands
 v - a wand of flame (26)
Scrolls
 c - a scroll of vulnerability {unknown}
 f - a scroll of immolation {unknown}
 g - 2 scrolls of teleportation {unknown}
 h - 2 scrolls of identify {unknown}
 m - a scroll of acquirement {unknown}
 o - a scroll of fear {unknown}
 p - a scroll of magic mapping {unknown}
Potions
 b - a potion of magic
 d - a potion of heal wounds {unknown}
 e - a potion of lignification {unknown}
 i - a potion of attraction {unknown}
 j - a potion of curing {unknown}
 k - a potion of invisibility {unknown}
 l - a potion of flight {unknown}
 n - 2 potions of degeneration {unknown}
 s - a potion of haste {unknown}
 t - a potion of cancellation {unknown}


   Skills:
 + Level 4.5 Fighting
 - Level 2.6 Dodging
 - Level 2.1 Stealth
 + Level 4.3 Spellcasting
 + Level 6.4 Ice Magic


You had 7 spell levels left.
You knew the following spells:

 Your Spells              Type           Power      Damage    Failure   Level
a - Freeze                Ice            96%        1d10      1%          1
b - Frozen Ramparts       Ice            48%        1d8       3%          3
c - Ozocubu's Armour      Ice            24%        N/A       3%          3

Your spell library contained the following spells:

 Spells                   Type           Power      Damage    Failure   Level
 Beastly Appendage        Tmut           6%         N/A       16%         1
 Slow                     Hex            12%        N/A       16%         1
 Wereblood                Tmut           3%         N/A       24%         2
 Summon Ice Beast         Ice/Summ       13%        N/A       41%         4
 Confusing Touch          Hex            3%         N/A       43%         3
 Spider Form              Tmut/Pois      3%         N/A       43%         3
 Vampiric Draining        Necr           3%         2d6       43%         3


Dungeon Overview and Level Annotations

Branches:
Dungeon (4/15)
 Temple: D:4-7

Altars:
Ashenzari
Qazlal
Uskayaw

Shops:
D:3 :

Annotations:
D:4 Eustachio


Innate Abilities, Weirdness & Mutations

((You are very nimble when in or above water. (Stealth+, EV+, Speed+++)))
Your lower body shifts to a powerful aquatic tail in water.


Message History

Casting: Freeze (safe; 1% risk of failure)
Confirm with . or Enter, or press ? or * to list all spells.
Aiming: Freeze (safe; 1% risk of failure)
Press: ? - help, Shift-Dir - straight line, f/p - quasit
Aim: a quasit (heavily wounded, summoned)
You freeze the quasit.
The quasit resists.
The quasit is heavily wounded.
The quasit barely misses you. x2; The quasit misses you.
The quasit bites you.
* * * LOW HITPOINT WARNING * * *
The quasit claws you.
* * * LOW HITPOINT WARNING * * *
You feel clumsy. The quasit barely misses you. Eustachio completely misses you.
Unknown command.
Casting: Freeze (safe; 1% risk of failure)
Confirm with . or Enter, or press ? or * to list all spells.
Aiming: Freeze (safe; 1% risk of failure)
Press: ? - help, Shift-Dir - straight line, f/p - quasit
Aim: a quasit (heavily wounded, summoned)
You freeze the quasit.
The quasit resists.
The quasit is severely wounded.
The quasit bites you but does no damage.
The quasit barely misses you. x2; The quasit closely misses you.
The quasit claws you.
* * * LOW HITPOINT WARNING * * *
You feel clumsy. The quasit barely misses you. Eustachio barely misses you.
Unknown command.
You barely miss Eustachio. Your punch misses Eustachio.
Eustachio is severely wounded.
The quasit bites you but does no damage.
The quasit completely misses you.
The quasit claws you but does no damage.
The quasit bites you but does no damage.
The quasit closely misses you. The quasit misses you.
Eustachio mumbles some strange words.
The quasit misses you. The quasit barely misses you.
The quasit claws you but does no damage.
The quasit bites you.
You die...

..#
#........#
..#
#........#
..#
#........#
..#
#........#
#.#
#........#
..#
#........#
..#
##..r....#
..#
#....55.#
..#
#....@@.#
..#
#.......#
..#
#.......#
..#
#.......#
..#
#.......#
..#
###.....#
..#
#.....#
..#
#.....#
###
#.....#


You could see Eustachio, 2 quasits and a quokka (summoned).

Vanquished Creatures
  Menkaure (D:4)
  A black bear (D:4)
  A scorpion (D:4)
  A hound (D:4)
  An orc priest (D:4)
  Ijyb (D:4)
  3 iguanas
  4 adders
  2 dart slugs
  4 orcs (D:4)
  3 endoplasms
  7 giant cockroaches
  12 goblins
  4 hobgoblins
  4 jackals (D:3)
  3 quokkas
  4 ball pythons (D:1)
  2 bats (D:2)
  4 frilled lizards
  3 kobolds (D:1)
  4 rats
69 creatures vanquished.

Notes
Turn   | Place    | Note
-------+----------+-------------------------------------------
     0 | D:1      | safid the Merfolk Ice Elementalist began the quest for the
                  | Orb.
     0 | D:1      | Reached XP level 1. HP: 13/13 MP: 3/3
    96 | D:1      | Reached XP level 2. HP: 18/20 MP: 0/5
   251 | D:1      | Reached skill level 1 in Fighting
   699 | D:1      | Reached XP level 3. HP: 26/26 MP: 4/6
  1651 | D:2      | Reached skill level 5 in Ice Magic
  1651 | D:2      | Reached XP level 4. HP: 33/33 MP: 5/8
  2223 | D:3      | Found a stormy altar of Qazlal.
  2412 | D:3      | Found a hide-covered altar of Uskayaw.
  2447 | D:3      | Learned a level 3 spell: Frozen Ramparts
  2451 | D:3      | Learned a level 3 spell: Ozocubu's Armour
  2508 | D:3      | Found Wyot's Vocational Training.
  2726 | D:3      | Reached XP level 5. HP: 39/39 MP: 9/9
  3158 | D:4      | Found a broken altar of Ashenzari.
  3255 | D:4      | Noticed Menkaure
  3268 | D:4      | Killed Menkaure
  3269 | D:4      | Reached XP level 6. HP: 11/48 MP: 4/11
  3370 | D:4      | Reached skill level 6 in Ice Magic
  3572 | D:4      | Noticed Ijyb
  3590 | D:4      | Killed Ijyb
  3845 | D:4      | Reached XP level 7. HP: 36/54 MP: 9/13
  4083 | D:4      | Noticed Eustachio
  4114 | D:4      | HP: 1/55 [quasit[Eustachio] (2)]
  4115 | D:4      | Slain by a quasit

Illustrated notes

Levels and vault maps discovered:
D:1:      spicycebolla_arrival_ecumenical, layout_basic
D:2:      layout_basic, serial_corexii_hall, corexii_hall_statues_i,
          corexii_hall_statues_x, st_stairs_9
D:3:      layout_loops_ring, nicolae_uskayaw_murder_on_the_dancefloor,
          grunt_qazlal_sundering, minivault_4, nicolae_shop_vocational
D:4:      layout_gridville, mainiacjoe_overflow_brackets,
          gammafunk_temple_overflow_pools, uniq_eustachio, uniq_ijyb,
          uniq_menkaure

Skill      XL: |  1  2  3  4  5  6 |
---------------+-------------------+-----
Fighting       | 1 2 3 4 |  4.5
Ice Magic      | 5 6 |  6.4
Spellcasting   | 3 4 |  4.3
Dodging        | |  2.6
Stealth        | |  2.1

Action                     |  1- 3 |  4- 6 |  7- 9 || total
---------------------------+-------+-------+-------++-------
  Melee: Unarmed           |    14 |       |       ||    14
         Dagger            |    26 |    81 |    22 ||   129
         Punch             |     1 |     1 |       ||     2
   Cast: Freeze            |    39 |    35 |     5 ||    79
         Frozen Ramparts   |       |     7 |     2 ||     9
         Ozocubu's Armour  |       |     4 |     2 ||     6
   Stab: Sleeping          |     1 |       |     1 ||     2
         Distracted        |       |     1 |       ||     1
 Armour: Robe              |    14 |    17 |    31 ||    62
  Dodge: Dodged            |    29 |    48 |    62 ||   139
